 Dungeon Crawl Stone Soup version 0.20.0-15-g7f486f2 (webtiles) character file.

69 Mogroth the Shield-Bearer (level 4, 0/40 HPs)
             Began as a Minotaur Fighter on June 14, 2017.
             Was an Initiate of Qazlal.
             Succumbed to a gnoll's poison
             ... on level 3 of the Dungeon.
             The game lasted 00:29:15 (2315 turns).

Mogroth the Shield-Bearer (Minotaur Fighter)        Turns: 2315, Time: 00:29:16

Health: 0/40       AC:  7    Str: 22    XL:     4   Next: 2%
Magic:  3/3        EV:  7    Int:  9    God:    Qazlal [......]
Gold:   86         SH:  9    Dex:  9    Spells: 3/3 levels left

rFire    . . .     SeeInvis .   a - +1 war axe
rCold    . . .     Gourm    .   c - +0 shield
rNeg     . . .     Faith    .   b - +0 scale mail
rPois    .         Spirit   .   (helmet restricted)
rElec    .         Reflect  .   (no cloak)
rCorr    .         Harm     .   (no gloves)
MR       .....                  (no boots)
Stlth    ..........             (no amulet)
Regen    0.2/turn               t - +4 ring of intelligence
MPRegen  0.1/turn               (no ring)

@: lethally poisoned (0 -> -7)
A: retaliatory headbutt, horns 2
a: Renounce Religion


You were on level 3 of the Dungeon.
You worshipped Qazlal.
Qazlal was noncommittal.
You were not hungry.

You visited 1 branch of the dungeon, and saw 3 of its levels.

You collected 86 gold pieces.

Inventory:

Hand Weapons
 a - a +1 war axe (weapon)
 e - a +0 whip
 n - a -3 mace
 r - a +0 mace
 s - a +0 short sword
 C - a +0 hunting sling
 D - a +0 dagger
Missiles
 i - 14 bolts
 k - 19 arrows
 l - 27 poisoned needles
 o - 106 stones (quivered)
Armour
 b - a +0 scale mail (worn)
 c - a +0 shield (worn)
 h - a +0 scale mail
 v - a +0 ring mail
 x - a +0 ring mail
 y - a +0 robe
 B - a +2 naga barding
Jewellery
 j - a +2 ring of slaying {unknown}
 t - a +4 ring of intelligence (left hand)
 w - an uncursed amulet of regeneration {unknown}
Wands
 A - a wand of acid (6/15)
Scrolls
 g - a scroll of identify
 z - a scroll of teleportation {unknown}
Potions
 d - 3 potions of might
 m - 2 potions of lignification {unknown}
 q - a potion of cancellation
Comestibles
 f - 3 bread rations
 p - 5 chunks of flesh
 u - a royal jelly


   Skills:
 + Level 4.0 Fighting
 + Level 2.8(3.1) Axes
 + Level 1.7(2.5) Maces & Flails
 + Level 4.3 Armour
 + Level 0.2 Dodging
 + Level 0.1 Stealth
 + Level 4.3 Shields


You had 3 spell levels left.
You didn't know any spells.

Dungeon Overview and Level Annotations

Branches:
Dungeon (3/15)

Altars:
Qazlal


Innate Abilities, Weirdness & Mutations

You reflexively headbutt those who attack you in melee.
You have a pair of horns on your head.


Message History

You are poisoned.
The gnoll hits you but does no damage.
You slash the gnoll! Your headbutt misses the gnoll.
The gnoll is heavily wounded.
You feel sick.
The gnoll hits you from afar with a halberd of venom!
* * * LOW HITPOINT WARNING * * *
The gnoll hits you with a spear!
* * * LOW HITPOINT WARNING * * *
It was a potion of cancellation.
You feel magically purged.
* * * LOW HITPOINT WARNING * * *
You feel sick. You block the gnoll's attack. The gnoll hits you with a spear.
* * * LOW HITPOINT WARNING * * *
You barely miss the gnoll. Your headbutt misses the gnoll.
The gnoll is heavily wounded.
* * * LOW HITPOINT WARNING * * *
You feel sick. The gnoll completely misses you. x2
You closely miss the gnoll. Your headbutt misses the gnoll.
The gnoll is heavily wounded.
You die...

#......##.#
#########.#
..# #.# #.#
#.# #.# #.#
#.# #.# #.#
#.# #g# #.#
#g# #.###@#
#.)...#
#######


You could see 2 gnolls.

Vanquished Creatures
  A gnoll (D:3)
  An adder (D:2)
  2 dart slugs (D:2)
  3 leopard geckos
  A ball python (D:2)
  6 goblins
  6 hobgoblins
  A kobold (D:3)
  2 quokkas (D:2)
  9 bats
  3 frilled lizards (D:1)
  9 rats
44 creatures vanquished.

Notes
Turn   | Place    | Note
-------+----------+-------------------------------------------
     0 | D:1      | Mogroth the Minotaur Fighter began the quest for the Orb.
     0 | D:1      | Reached XP level 1. HP: 19/19 MP: 0/0
   689 | D:1      | Reached XP level 2. HP: 27/27 MP: 1/1
  1423 | D:2      | Reached skill level 1 in Maces & Flails
  1703 | D:2      | Reached XP level 3. HP: 30/33 MP: 2/2
  2064 | D:3      | Paralysed by fainting for 12 turns
  2076 | D:3      | Paralysed by fainting for 12 turns
  2168 | D:3      | Found a stormy altar of Qazlal.
  2233 | D:3      | Became a worshipper of Qazlal Stormbringer
  2296 | D:3      | Reached XP level 4. HP: 38/40 MP: 3/3
  2313 | D:3      | HP: 2/40 [poisoned by a gnoll]
  2315 | D:3      | Succumbed to a gnoll's poison

Skill      XL: |  1  2  3 |
---------------+----------+-----
Armour         | 4 |  4.3
Shields        | 4 |  4.3
Maces & Flails | 1 |  1.7
Fighting       | 4 |  4.0
Axes           | |  2.8
Dodging        | |  0.2
Stealth        | |  0.1

Action                   |  1- 3 |  4- 6 || total
-------------------------+-------+-------++-------
Melee: War axe           |    46 |     5 ||    51
       Headbutt          |    14 |       ||    14
       Mace              |    63 |       ||    63
  Use: Scroll            |     9 |       ||     9
       Potion            |       |     1 ||     1
  Eat: Chunk             |     1 |       ||     1
       Bread ration      |     1 |       ||     1
Armor: Scale mail        |    43 |     1 ||    44
Dodge: Dodged            |    37 |     2 ||    39
Block: Shield            |    62 |     5 ||    67
